 Dungeon Crawl Stone Soup version 0.25-a0-55-g0753fd1ad2 (console) character file.

Game seed: 16963136254982769374, levelgen mode: deterministic

281 uakci the Cutter (level 6, -10/73 HPs)
             Began as a Human Wanderer on Oct 25, 2019.
             Was a Believer of Vehumet.
             Mangled by an ogre
             ... wielding a +0 giant spiked club
              (12 damage)
             ... on level 4 of the Dungeon.
             The game lasted 00:28:01 (3413 turns).

uakci the Cutter (Human Wanderer)                   Turns: 3413, Time: 00:28:02

Health: -10/73     AC: 23    Str: 14    XL:     6   Next: 53%
Magic:  6/6        EV:  2    Int: 17    God:    Vehumet [**....]
Gold:   161        SH:  0    Dex: 12    Spells: 0/5 levels left

rFire    . . .     SeeInvis .   a - +2 dagger
rCold    . . .     Gourm    .   (no shield)
rNeg     + + +     Faith    +   (armour currently unavailable)
rPois    +         Spirit   .   (helmet currently unavailable)
rElec    .         Reflect  .   (cloak currently unavailable)
rCorr    .         Harm     .   (gloves currently unavailable)
MR       .....     NoTele   +   (boots currently unavailable)
Stlth    +.........             k - amulet of faith
HPRegen  0.22/turn              D - ring of teleportation (curse)
MPRegen  0.10/turn              (no ring)

@: tree-form, very slightly contaminated, extremely drained
A: clever 1, strong 1
a: Renounce Religion


You were on level 4 of the Dungeon.
You worshipped Vehumet.
Vehumet was pleased with you.
You were not hungry.
You were a tree.
You visited 1 branch of the dungeon, and saw 4 of its levels.

You collected 161 gold pieces.

Inventory:

Hand Weapons
 a - a +2 dagger (weapon)
 c - a +0 short sword
 d - a +0 hand crossbow
Missiles
 e - 96 bolts
 j - 39 sling bullets
 n - 4 javelins (quivered)
 p - 77 stones
 q - 7 boomerangs
 r - 16 arrows
Armour
 h - a +1 hat
 i - a +1 hat (melded)
 l - a +1 ring mail
 O - a cursed -2 ring mail (melded)
Jewellery
 k - an amulet of faith (around neck)
 D - a cursed ring of teleportation (left branch)
Wands
 b - a wand of random effects (11)
Scrolls
 f - a scroll of amnesia
 m - 2 scrolls of random uselessness
 u - 2 scrolls of identify
Potions
 t - a potion of cancellation
 S - 2 potions of flight
Comestibles
 g - 10 rations


   Skills:
 + Level 4.4(0.0) Fighting
 + Level 4.6(0.0) Short Blades
 + Level 1.0(0.0) Crossbows
 + Level 2.8(0.0) Armour
 + Level 2.0(0.0) Dodging
 + Level 1.0(0.0) Stealth
   Level 1.0(0.0) Shields


You couldn't memorise any spells.
You knew the following spells:

 Your Spells              Type           Power        Failure   Level  Hunger
a - Magic Dart            Conj           #...         24%         1    ##.....
b - Sting                 Conj/Pois      #...         24%         1    ##.....
c - Spider Form           Tmut/Pois      #.........   56%         3    ####...

Your spell library contained the following spells:

 Spells                   Type           Power        Failure   Level  Hunger
 Beastly Appendage        Tmut           #.....       24%         1    ##.....
 Sticks to Snakes         Tmut           #.......     34%         2    ###....
 Ice Form                 Ice/Tmut       #.......     93%         4    #####..
 Blade Hands              Tmut           #.........   100%        5    ######.


Dungeon Overview and Level Annotations

Branches:
Dungeon (4/15)
 Temple: D:4-7

Altars:
Vehumet


Innate Abilities, Weirdness & Mutations

((You have a pair of small horns on your head.))
((You are partially covered in icy blue scales. (AC +2)))
Your mind is acute. (Int +2)
Your muscles are strong. (Str +2)


Message History

The ogre misses you.
You barely miss the ogre. The ogre barely misses you.
You hit the ogre.
You headbutt the ogre, but do no damage.
The ogre is lightly wounded.
You hit the ogre. You headbutt the ogre.
The ogre is moderately wounded.
The ogre hits you with a +0 giant spiked club!
You hit the ogre but do no damage.
You headbutt the ogre, but do no damage.
The ogre is moderately wounded.
The ogre hits you with a +0 giant spiked club!!
* * * LOW HITPOINT WARNING * * *
An orc comes into view. It is wielding a +0 hand axe.
The orc shouts!
You turn into a tree.
Your +1 hat melds into your body.
Your cursed -2 ring mail melds into your body.
Your roots penetrate the ground.
The orc throws a stone.
The stone hits you but does no damage.
The ogre hits you with a +0 giant spiked club!
You die...

.# '. #.. ##..
#..o ##### #
#...##...####'##
#..†..........[
##.....Z........
#....♣..........
#....O.......ol.
#...##...#######
#... #...#
##..#.....#
#..#.....'. ..
##...[### ..
#....# ......


You could see an ogre, an orc and a howler monkey skeleton.

Vanquished Creatures
  A howler monkey (D:4)
  An orc priest (D:3)
  An orc wizard (D:3)
  Terence (D:3)
  A worker ant (D:4)
  3 adders
  2 worms (D:2)
  2 dart slugs (D:1)
  3 leopard geckos
  5 orcs
  3 ball pythons
  9 giant cockroaches
  7 goblins
  11 hobgoblins
  9 jackals
  6 kobolds
  A quokka (D:2)
  9 bats
  8 frilled lizards
  5 rats
88 creatures vanquished.

Notes
Turn   | Place    | Note
-------+----------+-------------------------------------------
     0 | D:1      | uakci the Human Wanderer began the quest for the Orb.
     0 | D:1      | uakci set off with the following items: a +2 dagger, a
                  | potion of heal wounds, a +0 short sword, a +0 hand
                  | crossbow, 28 bolts, a +0 robe, a ration
     0 | D:1      | Reached XP level 1. HP: 18/18 MP: 1/1
   256 | D:1      | Reached XP level 2. HP: 24/24 MP: 2/2
   372 | D:1      | Reached XP level 3. HP: 22/29 MP: 3/3
  1197 | D:2      | Reached XP level 4. HP: 37/37 MP: 4/4
  1471 | D:2      | Found a faded altar of an unknown god.
  1502 | D:2      | Became a worshipper of Vehumet
  1502 | D:2      | Reached * piety under Vehumet
  1502 | D:2      | Offered knowledge of Magic Dart by Vehumet.
  1505 | D:2      | Learned a level 1 spell: Magic Dart
  2121 | D:3      | Reached XP level 5. HP: 36/42 MP: 5/5
  2163 | D:3      | Reached skill level 1 in Dodging
  2621 | D:3      | Noticed Terence
  2667 | D:3      | Killed Terence
  2667 | D:3      | Reached XP level 6. HP: 24/48 MP: 6/6
  2777 | D:3      | Reached ** piety under Vehumet
  2812 | D:3      | Offered knowledge of Sting by Vehumet.
  2816 | D:3      | Learned a level 1 spell: Sting
  2820 | D:3      | Learned a level 3 spell: Spider Form
  3290 | D:4      | Gained mutation: Your muscles are strong. (Str +2) [potion
                  | of mutation]
  3290 | D:4      | Gained mutation: Your mind is acute. (Int +2) [potion of
                  | mutation]
  3290 | D:4      | Gained mutation: You have a pair of small horns on your
                  | head. [potion of mutation]
  3290 | D:4      | Gained mutation: You are partially covered in icy blue
                  | scales. (AC +2) [potion of mutation]
  3386 | D:4      | Noticed an ogre
  3411 | D:4      | HP: 1/49 [ogre/+0 giant spiked club (19)]
  3413 | D:4      | Mangled by an ogre

Levels and vault maps discovered:
D:1:      saegor_arrival_simple_c, layout_loops_ring, st_stairs_6
D:2:      layout_loops_ring, chequers_ecumenical_altar_island, first_ration,
          bh_walls_and_bars
D:3:      layout_basic, minmay_statues_item, uniq_terence
D:4:      layout_gridville, marbit_many_paths, serial_shops, shop

Table legend:
 A = Non-vault XP
 B = Vault XP
 C = Vault XP percentage of total XP
 D = Non-vault monster count
 E = Vault monster count
 F = Vault count percentage of total count
                 A         B        C        D         E       F
            +---------+---------+-------+---------+---------+-------
      Total |     363 |      39 |   9.7 |      85 |       3 |   3.4
            +---------+---------+-------+---------+---------+-------
        D:1 |      59 |       3 |   4.8 |      31 |       2 |   6.1
        D:2 |      60 |       0 |   0.0 |      24 |       0 |   0.0
        D:3 |     143 |      36 |  20.1 |      25 |       1 |   3.8
        D:4 |     101 |       0 |   0.0 |       5 |       0 |   0.0
            +---------+---------+-------+---------+---------+-------
